 Dungeon Crawl Stone Soup version 0.26.1-2-gb8aa6d0cf2 (webtiles) character file.

Game seed: 8624197472963586552

61173 Amaterasu the Stickfighter (level 14, -1/132 HPs)
             Began as a Minotaur Gladiator on Feb 15, 2021.
             Was an Initiate of Gozag.
             Slain by a fire elemental (11 damage)
             ... led by Azrael
             ... on level 12 of the Dungeon.
             The game lasted 00:26:06 (20950 turns).

Amaterasu the Stickfighter (Minotaur Gladiator)    Turns: 20950, Time: 00:26:06

Health: -1/132     AC: 20    Str: 26    XL:     14   Next: 59%
Magic:  13/13      EV: 15    Int:  7    God:    Gozag
Gold:   2947       SH:  0    Dex: 21    Spells: 13/13 levels left

rFire    . . .     SeeInvis .   a - +1 quarterstaff (spect)
rCold    . . .     Faith    .   (shield currently unavailable)
rNeg     . . .     Spirit   .   s - +0 plate armour
rPois    +         Reflect  .   S - +1 hat
rElec    .         Harm     .   H - +0 cloak {Will+}
rCorr    .         Rampage  .   t - +1 pair of gloves {Str+3}
Will     ++...                  (no boots)
Stlth    ..........             C - amulet "Nikoibb" {Regen+ Int+2 Dex+2}
HPRegen  0.72/turn              h - +6 ring of dexterity
MPRegen  0.13/turn              r - ring of poison resistance

@: gold aura
A: retaliatory headbutt, horns 2
a: Renounce Religion, Potion Petition, Call Merchant, Bribe Branch


You were on level 12 of the Dungeon.
You worshipped Gozag.
Gozag was most pleased with you.
You visited 2 branches of the dungeon, and saw 18 of its levels.
You also visited: Gauntlet.

You collected 5192 gold pieces.
You paid 2245 gold pieces to Gozag.

Inventory:

Hand Weapons
 a - a +1 spectral quarterstaff (weapon)
Missiles
 d - 4 throwing nets
Armour
 c - a +0 hat
 s - a +0 plate armour (worn)
 t - a +1 pair of gloves of strength (worn)
 H - a +0 cloak of willpower (worn)
 S - a +1 hat (worn)
Jewellery
 f - an uncursed ring of resist corrosion
 h - a +6 ring of dexterity (left hand)
 j - an uncursed ring of fire
 r - a ring of poison resistance (right hand)
 C - the amulet "Nikoibb" (around neck) {Regen+ Int+2 Dex+2}
   (You took it off a minotaur in a Gauntlet)

   [amulet of regeneration]

   It affects your intelligence (+2).
   It affects your dexterity (+2).
   It increases your rate of regeneration.
 Q - a +6 ring of intelligence {unknown}
 R - a +4 ring of evasion {unknown}
 T - an uncursed ring of see invisible {unknown}
Wands
 b - a wand of digging (12)
 o - a wand of paralysis (5)
 q - a wand of flame (11) (quivered)
 x - a wand of polymorph (11)
 B - a wand of acid (23)
 G - a wand of disintegration (35)
Scrolls
 p - 7 scrolls of remove curse
 y - 5 scrolls of teleportation
 F - 4 scrolls of amnesia
 I - 2 scrolls of blinking
 M - 2 scrolls of fear
 O - a scroll of identify
 P - a scroll of fog
Potions
 e - a potion of magic
 g - 3 potions of curing
 i - 3 potions of lignification
 k - 3 potions of attraction
 l - 2 potions of invisibility
 m - 2 potions of mutation
 n - 3 potions of heal wounds
 u - 7 potions of flight
 v - 2 potions of degeneration
 w - 2 potions of cancellation
 z - a potion of resistance
 A - 3 potions of brilliance
 E - 2 potions of ambrosia {unknown}
 L - a potion of might
 N - a potion of haste
Miscellaneous
 D - a condenser vane (inert)
 J - a lightning rod (2/4)
 K - a phial of floods (inert)


   Skills:
 * Level 14.2 Fighting
 - Level 17.0 Staves
 - Level 2.0 Throwing
 * Level 12.2 Armour
 * Level 11.1 Dodging
 * Level 10.0 Evocations


You had 13 spell levels left.
You didn't know any spells.
Your spell library contained the following spells:

 Spells                   Type           Power        Failure   Level
 Poisonous Vapours        Pois/Air       0%           99%         2
 Conjure Flame            Conj/Fire      0%           100%        3
 Mephitic Cloud           Conj/Pois/Air  0%           100%        3
 Static Discharge         Conj/Air       0%           100%        3
 Lightning Bolt           Conj/Air       0%           100%        5
 Summon Demon             Summ           0%           100%        5
 Summon Forest            Summ/Tloc      0%           100%        5
 Summon Mana Viper        Hex/Summ       0%           100%        5
 Freezing Cloud           Conj/Ice/Air   0%           100%        6
 Shadow Creatures         Summ           N/A          100%        6
 Summon Hydra             Summ           0%           100%        7
 Ignition                 Fire           0%           100%        8
 Shatter                  Erth           0%           100%        9
 Tornado                  Air            0%           100%        9


Dungeon Overview and Level Annotations

Branches:
Dungeon (12/15)            Temple (0/1) D:6            Lair (6/6) D:9
 Shoals (0/4) Lair:2        Snake (0/4) Lair:4        Slime (0/5) Lair:5
    Orc (0/2) D:9         Gauntlet (visited)

Altars:
Ashenzari
Cheibriados
Dithmenos
Elyvilon
Gozag
Kikubaaqudgha
Nemelex Xobeh
Okawaru
Ru
Sif Muna
Wu Jian
Xom
Jiyva

Shops:
D:4 [   D:8 ((   D:12 (


Innate Abilities, Weirdness & Mutations

You reflexively headbutt those who attack you in melee.
You have a pair of horns on your head.


Message History

The fire elemental resists.
The fire elemental is lightly damaged.
The fire elemental is no longer distracted by gold.
The thunderbolt hits the orc priest.
The orc priest is moderately wounded.
The thunderbolt hits the gargoyle but does no damage.
The centaur shouts!
You hear an angry hiss.
The hound closely misses you. You furiously retaliate!
You headbutt the hound.
The centaur unwields a +0 quarterstaff.
The centaur wields a +0 shortbow.
The centaur shoots an arrow.
The arrow hits you but does no damage. The fire elemental hits you.
The fire elemental burns you!
* * * LOW HITPOINT WARNING * * *
The hell hound breathes flames at you. The blast of flame hits you!
* * * LOW HITPOINT WARNING * * *
The orc priest becomes distracted by the nearby gold, dreaming of imaginary riches.
The fire elemental becomes distracted by the nearby gold, dreaming of imaginary riches.
The fire elemental hits you. The fire elemental burns you!
You die...
Your body crumbles into a pile of gold.

##........≈§≈≈≈.. $
##........§§§§§§.......
#.........§§§≈§≈..).....
..........§.§.....<.....§
.........?................
..........$........#......
..........$.....oo......o.
.........$$.....h#.E9#....
...........$....@hEo☼.....
..§............E$E○#○°....
..≈≈§§≈...$.....☼○$./.○...
$
..≈≈≈§§...........E○○...○.
..§≈≈§≈..............○..○.
..§≈≈§≈..........$....°..o
..§≈§≈≈.........c.......☼.
......).................°.
...................^......


You could see 5 fire elementals, an orc warrior, a hell hound (catching breath),
a gargoyle, a centaur, a hound, an orc priest (unaware) and an orc.

Vanquished Creatures
  Gastronok (D:11)
  Frances (D:12)
  A minotaur (Gauntlet)
  Azrael (D:12)
  Snorg (D:11)
  A fire dragon (Lair:6)
  Fannar (D:12)
  Erolcha (D:12)
  A boulder beetle (Lair:5)
  Harold (Lair:2)
  A hell beast (Gauntlet)
  A centaur warrior (D:11)
  A catoblepas (Lair:3)
  10 hydras
  2 two-headed ogres (D:11)
  A swamp dragon (Lair:6)
  A lindwurm (Lair:5)
  The ghost of windycow the Spear-Bearer, a novice MfGl of Makhleb (D:7)
  A cyclops (D:10)
  4 oklob plants (Lair:4)
  An ugly thing (D:12)
  Maurice (D:11)
  9 black mambas
  2 elephants (Gauntlet)
  Psyche (D:8)
  13 cane toads
  11 komodo dragons
  15 rime drakes
  A polar bear (Lair:5)
  A meliai (Gauntlet)
  A troll (D:11)
  4 dream sheep (Lair:4)
  Grinder (D:3)
  19 blink frogs
  A snapping turtle (Lair:2)
  27 yaks
  Sigmund (D:3)
  3 wyverns
  7 basilisks
  Edmund (D:6)
  12 steam dragons
  4 wargs (D:9)
  4 vampire mosquitoes (D:9)
  Menkaure (D:5)
  2 acid dragons (Lair:6)
  3 hell hounds
  21 water moccasins
  Duvessa (D:6)
  2 sky beasts
  2 swamp drakes (Lair:6)
  An orc warrior (D:6)
  5 ice beasts
  A hornet zombie (D:12)
  6 ogres
  A phantom (D:6)
  7 wolves
  2 centaurs
  20 bullfrogs
  Blork the orc (D:4)
  A wyvern zombie (D:7)
  Dowan (D:6)
  5 scorpions
  4 jellies
  26 killer bees
  2 bullfrog zombies (D:6)
  4 quasits (D:6)
  4 hounds
  2 lava snakes (D:12)
  A bullfrog skeleton (D:4)
  2 centaur skeletons
  8 orc priests
  4 worker ants
  7 iguanas
  9 orc wizards
  2 hound skeletons (D:4)
  3 worker ant zombies
  6 gnolls
  16 adders
  5 shadow imps
  2 white imps
  3 ufetubi
  2 oozes
  An adder skeleton (D:7)
  5 worms
  The ghost of Karim the Sneak, a weakling DsDe (D:6)
  2 dart slugs
  6 leopard geckos
  22 orcs
  8 giant cockroaches
  11 goblins
  5 hobgoblins
  3 jackals (D:6)
  6 quokkas
  A ball python (D:2)
  6 bats
  5 frilled lizards
  A jackal skeleton (D:8)
  8 kobolds
  2 leopard gecko skeletons
  7 rats
468 creatures vanquished.

Vanquished Creatures (others)
  A water moccasin zombie (D:12)
  An iguana (Lair:6)
  An orc (D:12)
  5 bushes (Lair:1)
  43 fungi
  72 plants
123 creatures vanquished.

Grand Total: 591 creatures vanquished

Notes
Turn   | Place    | Note
-------+----------+-------------------------------------------
     0 | D:1      | Amaterasu the Minotaur Gladiator began the quest for the
                  | Orb.
     0 | D:1      | Reached XP level 1. HP: 18/18 MP: 0/0
    28 | D:1      | Reached skill level 4 in Staves
    89 | D:1      | Reached XP level 2. HP: 25/25 MP: 1/1
   604 | D:1      | Reached XP level 3. HP: 17/30 MP: 2/2
  1142 | D:1      | Reached skill level 5 in Staves
  1810 | D:2      | Found a faded altar of an unknown god.
  2059 | D:3      | Reached XP level 4. HP: 32/38 MP: 3/3
  2065 | D:3      | Reached skill level 6 in Staves
  2074 | D:3      | Reached XP level 5. HP: 28/46 MP: 4/4
  2212 | D:3      | Noticed Sigmund
  2222 | D:3      | Killed Sigmund
  2223 | D:3      | Reached skill level 5 in Fighting
  2223 | D:3      | Reached skill level 1 in Armour
  2223 | D:3      | Reached XP level 6. HP: 56/56 MP: 5/5
  2226 | D:3      | Found an opulent altar of Gozag.
  2255 | D:3      | Became a worshipper of Gozag Ym Sagoz the Greedy
  2654 | D:3      | Noticed Grinder
  2675 | D:3      | Killed Grinder
  2676 | D:3      | Reached XP level 7. HP: 8/63 MP: 6/6
  2989 | D:3      | Found a shimmering altar of Xom.
  2998 | D:3      | Found an ornate altar of the Wu Jian Council.
  3175 | D:3      | Found a sacrificial altar of Ru.
  3544 | D:4      | Found an iron altar of Okawaru.
  3708 | D:4      | Found a white marble altar of Elyvilon.
  3987 | D:4      | Reached skill level 7 in Staves
  4245 | D:4      | Found Vyqurej's Antique Armour Shoppe.
  4289 | D:4      | Noticed Blork the orc
  4299 | D:4      | Killed Blork the orc
  4550 | D:5      | Entered Level 5 of the Dungeon
  4932 | D:5      | Found a sparkling altar of Nemelex Xobeh.
  4967 | D:5      | Noticed Menkaure
  4976 | D:5      | Killed Menkaure
  4977 | D:5      | Reached skill level 8 in Staves
  4977 | D:5      | Reached XP level 8. HP: 70/73 MP: 7/7
  5474 | D:5      | Reached skill level 9 in Staves
  5706 | D:6      | Noticed Duvessa
  5715 | D:6      | Killed Duvessa
  5717 | D:6      | Noticed Dowan
  5731 | D:6      | Killed Dowan
  5805 | D:6      | Found a staircase to the Ecumenical Temple.
  5853 | D:6      | Noticed Edmund
  5880 | D:6      | Killed Edmund
  5977 | D:6      | Found a snail-covered altar of Cheibriados.
  6074 | D:6      | Reached skill level 10 in Staves
  6198 | D:6      | Reached skill level 1 in Evocations
  6241 | D:6      | Found a transporter.
  6510 | D:6      | Found a broken altar of Ashenzari.
  6552 | D:6      | Reached XP level 9. HP: 81/82 MP: 8/8
  6555 | D:6      | Reached skill level 5 in Armour
  6763 | D:6      | Noticed Karim's ghost (weakling DsDe)
  6779 | D:6      | Found a transporter.
  7197 | D:6      | Killed Karim's ghost
  7296 | D:6      | Reached skill level 5 in Dodging
  7724 | D:7      | Noticed windycow's ghost (novice MfGl)
  7726 | D:7      | Found a runed translucent gate.
  7726 | D:7      | Found a runed translucent gate.
  7726 | D:7      | Found a runed translucent gate.
  8023 | D:7      | Found an ancient bone altar of Kikubaaqudgha.
  8344 | D:7      | Killed windycow's ghost
  8345 | D:7      | Reached skill level 10 in Fighting
  8603 | D:8      | Found Vaetem's Antique Weapon Emporium.
  8842 | D:8      | Noticed Psyche
  8850 | D:8      | Killed Psyche
  8851 | D:8      | Reached XP level 10. HP: 90/93 MP: 9/9
  8938 | D:8      | Found a shimmering blue altar of Sif Muna.
  9267 | D:8      | Found Ygam's Weapon Boutique.
  9445 | D:9      | Found a staircase to the Orcish Mines.
  9623 | D:9      | Found a staircase to the Lair.
 10576 | D:10     | Entered Level 10 of the Dungeon
 10786 | D:10     | Noticed a cyclops
 10808 | D:10     | Killed a cyclops
 10809 | D:10     | Reached skill level 11 in Staves
 11575 | Lair:1   | Entered Level 1 of the Lair of Beasts
 11599 | Lair:1   | Noticed a black mamba
 11607 | Lair:1   | Killed a black mamba
 12449 | Lair:1   | Reached XP level 11. HP: 102/102 MP: 10/10
 12471 | Lair:1   | Reached skill level 12 in Staves
 12875 | Lair:2   | Reached skill level 5 in Evocations
 13131 | Lair:2   | Noticed Harold
 13171 | Lair:2   | Killed Harold
 13215 | Lair:2   | Found a gate leading to a gauntlet.
 13227 | Gauntlet | Entered a Gauntlet
 13227 | Gauntlet | Found a transporter.
 13227 | Gauntlet | Found a transporter.
 13390 | Gauntlet | Found a transporter.
 13392 | Gauntlet | Found a transporter.
 13393 | Gauntlet | Found a transporter.
 13403 | Gauntlet | Found a transporter.
 13407 | Gauntlet | Found a transporter.
 13417 | Gauntlet | Found a transporter.
 13418 | Gauntlet | Noticed a hell beast
 13508 | Gauntlet | Found a transporter.
 13518 | Gauntlet | Found a transporter.
 13522 | Gauntlet | Found a transporter.
 13532 | Gauntlet | Found a transporter.
 13532 | Gauntlet | Noticed a death ooze
 13618 | Gauntlet | Reached skill level 13 in Staves
 14014 | Gauntlet | Killed a hell beast
 14079 | Gauntlet | Identified the amulet "Nikoibb" {Regen+ Int+2 Dex+2}
 14079 | Gauntlet | Noticed a minotaur
 14080 | Gauntlet | Found the +3 robe of Folly {Archmagi, Will-- Int+5}
 14094 | Gauntlet | Killed a minotaur
 14108 | Gauntlet | Got a scintillating graven amulet
 14477 | Lair:2   | Reached skill level 14 in Staves
 14490 | Lair:2   | Noticed a seven-headed hydra
 14491 | Lair:2   | Reached XP level 12. HP: 64/112 MP: 11/11
 14502 | Lair:2   | Killed a seven-headed hydra
 14950 | Lair:2   | Identified the amulet of Doubts {RegenMP *Drain Int+4} (You
                  | found it in a Gauntlet)
 15136 | Lair:2   | Found a staircase to the Shoals.
 15489 | Lair:3   | Noticed a catoblepas
 15499 | Lair:3   | Killed a catoblepas
 16031 | Lair:4   | Noticed a six-headed hydra
 16036 | Lair:4   | Reached skill level 10 in Armour
 16043 | Lair:4   | Killed a six-headed hydra
 16226 | Lair:4   | Reached skill level 15 in Staves
 16328 | Lair:4   | Noticed an eight-headed hydra
 16335 | Lair:4   | Killed an eight-headed hydra
 16459 | Lair:4   | Found a staircase to the Snake Pit.
 16490 | Lair:4   | Reached XP level 13. HP: 116/122 MP: 12/12
 16540 | Lair:4   | Found a shadowy altar of Dithmenos.
 18048 | Lair:5   | Found a staircase to the Slime Pits.
 18048 | Lair:5   | Found a viscous altar of Jiyva.
 18261 | Lair:6   | Entered Level 6 of the Lair of Beasts
 18733 | Lair:6   | Reached skill level 16 in Staves
 18828 | Lair:6   | Reached XP level 14. HP: 110/132 MP: 13/13
 19257 | Lair:6   | Reached skill level 10 in Dodging
 19984 | D:11     | Noticed Maurice
 20007 | D:11     | Killed Maurice
 20217 | D:11     | Noticed Snorg
 20227 | D:11     | Killed Snorg
 20505 | D:11     | Reached skill level 17 in Staves
 20584 | D:11     | Noticed Gastronok
 20598 | D:11     | Killed Gastronok
 20812 | D:12     | Noticed Frances
 20814 | D:12     | Noticed Erolcha
 20824 | D:12     | Killed Frances
 20825 | D:12     | Reached skill level 10 in Evocations
 20828 | D:12     | Killed Erolcha
 20874 | D:12     | Noticed Fannar
 20882 | D:12     | Killed Fannar
 20906 | D:12     | Found Ribus's Antique Weapon Shop.
 20927 | D:12     | Noticed Azrael
 20945 | D:12     | Killed Azrael
 20950 | D:12     | Slain by a fire elemental

Illustrated notes

Levels and vault maps discovered:
D:1:      dpeg_arrival_renting, layout_basic, st_stairs_5, interstate_on_off,
          minmay_misc_feat_hallway
D:2:      layout_loops_ring, chequers_ecumenical_altar_simple
D:3:      layout_basic, lemuel_doored_altar, lemuel_round_altar,
          amethyst_overflow_temple_binary, kennysheep_pointless_box,
          uniq_sigmund, uniq_grinder
D:4:      layout_loops_corners, elyvilon_altar_1, overflow_temple_1_default,
          serial_shops, nicolae_shop_behind_doors, uniq_blork_the_orc
D:5:      layout_loops_cross, minmay_misc_feat_rugged,
          nemelex_spade_bored_becter, uniq_menkaure
D:6:      layout_gridville, slow_altar_2, nicolae_ashenzari_panopticon,
          minmay_temple_entry_waves, gammafunk_ghost_stat_death, uniq_edmund,
          uniq_duvessa
D:7:      layout_gridville, kennysheep_little_box, gammafunk_ghost_split
D:8:      layout_loops_ring, tgw_sif, serial_shops, shop, shop, uniq_psyche
D:9:      layout_loops_ring, lair_entry_dummy, minmay_orc_entry_guard_dogs
D:10:     minmay_klotski, layout_rooms, minivault_5
D:11:     layout_gridville, uniq_snorg, uniq_gastronok, uniq_maurice
D:12:     layout_big_octagon, ebering_ghost_funeral_grove, portal_ice_cave_rime,
          serial_shops, nicolae_shop_stone, zaba_antful_of_joy, uniq_azrael,
          uniq_fannar, uniq_frances, uniq_erolcha
Lair:1:   layout_roguey, minmay_hedge_maze
Lair:2:   layout_chaotic_city, minmay_shoals_entry_hut, gauntlet_entry_generic,
          bobbens_dragon_lair_wall, lemuel_fruit_fields, uniq_harold
Lair:3:   layout_concentric_octagons
Lair:4:   layout_roguey, dummy_snake_entry, st_stairs_8, amcnicky_altar_gilded,
          minmay_lair_oklob_chamber, grunt_megastairs_3, lemuel_fruit_fields
Lair:5:   layout_loops_ring, slime_altar_1, st_stairs_10,
          infiniplex_staircase_pool_2, grunt_megastairs_1, serial_bayou_shore_b
Lair:6:   guppyfry_lair_end_dragon, layout_loops_ring

Skill      XL: |  1  2  3  4  5  6  7  8  9 10 11 12 13 14 |
---------------+-------------------------------------------+-----
Staves         | 4 5 6 8 10 11 14 15 16 17 | 17.0
Fighting       | 3 4 5 6 7 8 10 11 12 13 14 | 14.2
Armour         | 1 4 7 9 10 12 | 12.2
Dodging        | 4 6 8 9 11 | 11.1
Evocations     | 1 4 6 7 9 10 | 10.0
Throwing       | |  2.0

Action                   |  1- 3 |  4- 6 |  7- 9 | 10-12 | 13-15 || total
-------------------------+-------+-------+-------+-------+-------++-------
Melee: Quarterstaff      |    83 |    64 |   388 |   469 |   447 ||  1451
       Headbutt          |    10 |     9 |    91 |   168 |   150 ||   428
Invok: Potion Petition   |       |       |     1 |     2 |     1 ||     4
Evoke: Condenser vane    |       |       |       |     1 |     2 ||     3
       Wand              |       |       |       |       |    45 ||    45
       Lightning rod     |       |       |       |       |     6 ||     6
       Phial of floods   |       |       |       |       |     1 ||     1
  Use: Scroll            |     2 |       |     9 |    11 |     6 ||    28
       Potion            |       |     1 |     1 |     4 |     1 ||     7
 Stab: Distracted        |       |       |       |     7 |    13 ||    20
       Invisible         |       |       |       |     2 |     1 ||     3
Armor: Leather armour    |    21 |    10 |       |       |       ||    31
       Chain mail        |       |       |   110 |       |       ||   110
       Plate armour      |       |       |    67 |   188 |   148 ||   403
       Skin              |       |       |       |     3 |       ||     3
Dodge: Dodged            |    55 |    39 |   147 |   188 |   260 ||   689
